 Dungeon Crawl Stone Soup version 0.30-a0-4-ga7cffc901d (webtiles) character file.

Game seed: 13508477678336696381

591 Plasmagod the Basher (level 7, 0/41 HPs)
             Began as a Gargoyle Fighter on Aug 21, 2022.
             Slain by an orc priest
             ... wielding a +0 club
              (2 damage)
             ... on level 5 of the Dungeon.
             The game lasted 00:05:56 (3968 turns).

Plasmagod the Basher (Gargoyle Fighter)             Turns: 3968, Time: 00:05:56

Health: 0/41       AC: 13    Str: 21    XL:     7   Next: 39%
Magic:  0/7        EV:  9    Int:  9    God:
Gold:   214        SH:  4    Dex:  9    Spells: 6/6 levels left

rFire   . . .      SeeInvis .    a - +0 flail
rCold   . . .      Faith    .    c - +0 buckler
rNeg    + . .      Spirit   +    b - +0 scale mail
rPois   ∞          Reflect  .    w - +0 helmet
rElec   +          Harm     .    (no cloak)
rCorr   .          Rampage  .    (no gloves)
Will    .....                    r - +0 pair of boots
Stlth   ..........               o - amulet of guardian spirit
HPRegen 0.13/turn                (no ring)
MPRegen 0.10/turn                (no ring)

@: no status effects
A: sickness immunity, AC +4, negative energy resistance 1, electricity
resistance, torment resistance 1, petrification resistance
a: no special abilities


You were on level 5 of the Dungeon.
You visited 1 branch of the dungeon, and saw 5 of its levels.

You collected 214 gold pieces.

Inventory:

Hand Weapons
 a - a +0 flail (weapon)
Armour
 b - a +0 scale mail (worn)
 c - a +0 buckler (worn)
 r - a +0 pair of boots (worn)
 w - a +0 helmet (worn)
Jewellery
 g - an amulet of faith
 o - an amulet of guardian spirit (around neck)
 v - a ring of fire
Wands
 y - a wand of mindburst (22)
Scrolls
 e - a scroll of noise {unknown}
 f - a scroll of silence {unknown}
 h - 2 scrolls of teleportation {unknown}
 j - a scroll of blinking {unknown}
 k - a scroll of summoning {unknown}
 m - a scroll of identify {unknown}
 n - a scroll of magic mapping {unknown}
 p - a scroll of immolation {unknown}
 t - a scroll of acquirement {unknown}
Potions
 d - a potion of might
 i - a potion of mutation {unknown}
 l - 2 potions of flight {unknown}
 q - a potion of berserk rage {unknown}
 s - 2 potions of cancellation {unknown}
 u - 2 potions of curing {unknown}
 x - a potion of degeneration {unknown}
 z - 2 potions of heal wounds {unknown}


   Skills:
 - Level 3.2 Fighting
 + Level 8.0 Maces & Flails
 - Level 3.2 Armour
 - Level 3.2 Shields


You had 6 spell levels left.
You didn't know any spells.
Your spell library contained the following spells:

 Spells                   Type           Power      Damage    Failure   Level
 Sandblast                Erth           0%         2d4       82%         1
 Ensorcelled Hibernation  Hex/Ice        0%         N/A       91%         2
 Passwall                 Tmut/Erth      0%         N/A       91%         2
 Gell's Gravitas          Tloc           0%         N/A       99%         3
 Lesser Beckoning         Tloc           0%         N/A       99%         3
 Ozocubu's Armour         Ice            0%         N/A       99%         3
 Spider Form              Tmut/Pois      0%         N/A       99%         3
 Stone Arrow              Conj/Erth      0%         3d7       99%         3
 Swiftness                Air            0%         N/A       99%         3
 Teleport Other           Tloc           0%         N/A       99%         3
 Anguish                  Hex/Necr       0%         N/A       100%        4
 Ozocubu's Refrigeration  Ice            0%         4d7       100%        7


Dungeon Overview and Level Annotations

Branches:
Dungeon (5/15)
 Temple: D:4-7

Altars:
Ashenzari
Nemelex Xobeh
Okawaru
Sif Muna

Annotations:
D:4 2 transporters, dittoslash's ghost, amateur PaFi


Innate Abilities, Weirdness & Mutations

You are immune to sickness and miasma.
Your stone body is resilient. (AC +4)
You are immune to poison.
You resist negative energy. (rN+)
You are resistant to electric shocks. (rElec)
You are resistant to unholy torment.
You are immune to petrification.


Message History

You barely resist. You hit Grinder.
Grinder is heavily wounded.
Grinder hits you but does no damage.
You barely miss Grinder.
Grinder is heavily wounded.
Grinder gestures at you. Pain shoots through your body!
You sock Grinder!
Grinder is severely wounded.
Grinder blinks!
You sock Grinder!
You kill Grinder!
Your Maces & Flails skill increases to level 8!
You have reached level 7!
Magic restored.
HP restored.
An orc priest comes into view. It is wielding a +0 club.
The orc priest shouts!
You hear a shout! x2
The orc priest looks satisfied for a moment.
An orc comes into view. It is wielding a +0 trident.
The orc priest calls down the wrath of Beogh upon you.
Beogh smites you!
You hear a shout!
You hear a shout!
You completely miss the orc. The orc hits you with a +0 trident.
You sock the orc!
You kill the orc!
The orc priest invokes the aid of Beogh against you.
Beogh smites you!
An orc comes into view. It is wielding a +0 hand axe.
The orc shouts!
You are too injured to fight recklessly!
You are too injured to fight recklessly!
An orc comes into view. It is wielding a +0 dagger.
The orc priest mumbles some strange prayers to Beogh against you.
Beogh smites you!
* * * LOW HITPOINT WARNING * * *
You closely miss the orc priest. The orc priest hits you with a +0 club.
You die...

#.##.. #.##.#
...#.# #..#.#
#..#.##
#..#oo #..#o#
##
#..#@###....
#<.#......##
#..#.###....
##..#.......#
#...........#
#.....####.##
#.#.#.# #
#.#.#.#
#.#.#..


You could see an orc priest and 2 orcs.

Vanquished Creatures
  Grinder (D:5)
  Sigmund (D:3)
  A hound (D:4)
  An iguana (D:4)
  4 gnolls (D:2)
  2 adders
  2 worms
  2 dart slugs
  7 orcs
  6 bats
  6 endoplasms
  4 giant cockroaches
  11 hobgoblins
  7 jackals
  4 quokkas
  6 ball pythons
  4 frilled lizards
  5 goblins
  7 kobolds
  5 rats
86 creatures vanquished.

Notes
Turn   | Place    | Note
-------+----------+-------------------------------------------
     0 | D:1      | Plasmagod the Gargoyle Fighter began the quest for the Orb.
     0 | D:1      | Reached XP level 1. HP: 14/14 MP: 1/1
   321 | D:1      | Reached XP level 2. HP: 19/19 MP: 2/2
   481 | D:1      | Reached skill level 3 in Maces & Flails
   752 | D:1      | Reached XP level 3. HP: 22/23 MP: 3/3
  1243 | D:2      | Reached skill level 4 in Maces & Flails
  1245 | D:2      | Reached XP level 4. HP: 14/28 MP: 4/4
  2232 | D:3      | Reached skill level 5 in Maces & Flails
  2235 | D:3      | Reached XP level 5. HP: 24/32 MP: 5/5
  2527 | D:3      | Found a faded altar of an unknown god.
  2762 | D:3      | Found a shimmering blue altar of Sif Muna.
  2997 | D:3      | Noticed Sigmund
  3006 | D:3      | Killed Sigmund
  3007 | D:3      | Reached skill level 6 in Maces & Flails
  3007 | D:3      | Reached XP level 6. HP: 35/37 MP: 6/6
  3215 | D:4      | Found a transporter.
  3217 | D:4      | Noticed dittoslash's ghost (amateur PaFi)
  3224 | D:4      | Found a transporter.
  3503 | D:4      | Identified the +3 quarterstaff of Agoefaukada {antimagic,
                  | Str+2}
  3618 | D:4      | Reached skill level 7 in Maces & Flails
  3626 | D:4      | Found a broken altar of Ashenzari.
  3629 | D:4      | Found a sparkling altar of Nemelex Xobeh.
  3630 | D:4      | Found an iron altar of Okawaru.
  3851 | D:5      | Entered Level 5 of the Dungeon
  3851 | D:5      | Noticed Grinder
  3866 | D:5      | Killed Grinder
  3867 | D:5      | Reached skill level 8 in Maces & Flails
  3867 | D:5      | Reached XP level 7. HP: 29/41 MP: 4/7
  3967 | D:5      | HP: 2/41 [orc priest/divine providence (13)]
  3968 | D:5      | Slain by an orc priest

Illustrated notes

Levels and vault maps discovered:
D:1:      dpeg_arrival_simpleton_c, layout_loops_ring
D:2:      layout_basic, minmay_fountain_box, minmay_tree_intersection
D:3:      layout_rooms, led_sif_book, hellmonk_ecumenical_altar_leap_of_faith,
          reono_crystal_passage, uniq_sigmund
D:4:      layout_basic, chequers_temple_overflow_statue_of_worship,
          gammafunk_ghost_mausoleum
D:5:      layout_loops_ring, uniq_grinder

Skill      XL: |  1  2  3  4  5  6 |
---------------+-------------------+-----
Maces & Flails | 3 4 5 6 8 |  8.0
Fighting       | |  3.2
Armour         | |  3.2
Shields        | |  3.2

Action                   |  1- 3 |  4- 6 |  7- 9 || total
-------------------------+-------+-------+-------++-------
Melee: Flail             |   112 |   222 |     3 ||   337
Evoke: Wand              |       |     1 |       ||     1
Armor: Scale mail        |    86 |   138 |       ||   224
Dodge: Dodged            |    60 |   121 |       ||   181
Block: Buckler           |    20 |    36 |       ||    56

Table legend: (Time is in decaauts)
 A = Elapsed time spent in this place.
 B = Non-inter-level travel time spent in this place.
 C = Inter-level travel time spent in this place.
 D = Time resting spent in this place.
 E = Time spent auto-exploring this place.
 F = Levels seen in this place.
 G = Mean time per level.
                   A        B        C        D        E       F      G
               +--------+--------+--------+--------+--------+-----+--------+
         Total |   4036 |   3931 |    105 |      0 |   3221 |   5 |  807.2 |
       Dungeon |   4036 |   3931 |    105 |      0 |   3221 |   5 |  807.2 |
               +--------+--------+--------+--------+--------+-----+--------+

Top non-repeatable levels by time:
     D:1: 1203 daAuts
     D:2: 1057 daAuts
     D:3: 887 daAuts
     D:4: 771 daAuts
     D:5: 117 daAuts
